 Dungeon Crawl Stone Soup version 0.19.0-2-gae57169 (webtiles) character file.

128 Gargoyl the Skirmisher (level 4, -2/37 HPs)
             Began as a Demonspawn Abyssal Knight on Nov 3, 2016.
             Was a Follower of Lugonu.
             Succumbed to Ijyb's poison
             ... on level 3 of the Dungeon.
             The game lasted 00:05:44 (2277 turns).

Gargoyl the Skirmisher (Demonspawn Abyssal Knight)  Turns: 2277, Time: 00:05:45

Health: -2/37      AC: 12    Str: 17    XL:     4   Next: 86%
Magic:  6/6        EV:  7    Int: 13    God:    Lugonu [*.....]
Gold:   69         SH:  0    Dex: 12    Spells: 0 memorised, 3 levels left

rFire  . . .     SeeInvis .     a - +1 hand axe
rCold  . . .     Gourm    .     j - +0 chain mail
rNeg   . . .     Faith    .     (no shield)
rPois  .         Spirit   .     (no helmet)
rElec  .         Reflect  .     g - +0 cloak
rCorr  .         Harm     .     d - +1 pair of gloves {Str+3}
MR     .....                    (no boots)
Stlth  ..........               (no amulet)
                                (no ring)
                                (no ring)

@: lethally poisoned (-2 -> -39), drained
A: nightstalker 1
a: Depart the Abyss, Renounce Religion


You were on level 3 of the Dungeon.
You worshipped Lugonu.
Lugonu was aware of your devotion.
You were hungry.

You visited 1 branch of the dungeon, and saw 3 of its levels.
You visited the Abyss 1 time.

You collected 69 gold pieces.

Inventory:

Hand Weapons
 a - a +1 hand axe (weapon)
Missiles
 b - 6 javelins (quivered)
Armour
 d - a +1 pair of gloves of strength (worn)
 g - a +0 cloak (worn)
 j - a +0 chain mail (worn)
Scrolls
 e - a scroll of enchant armour {unknown}
 h - a scroll of magic mapping {unknown}
 i - 4 scrolls of amnesia {unknown}
 m - a scroll of fear {unknown}
 n - a scroll of identify {unknown}
Comestibles
 c - 3 bread rations
 f - a slice of pizza


   Skills:
 + Level 3.8(3.7) Fighting
 + Level 2.9 Axes
 * Level 2.8(2.7) Armour
 + Level 1.2 Dodging
 * Level 3.2(3.1) Invocations


You had 3 spell levels left.
You didn't know any spells.

Dungeon Overview and Level Annotations

Branches:
Dungeon (3/15)

Altars:

Annotations:
D:3 Ijyb


Innate Abilities, Weirdness & Mutations

You are slightly more attuned to the shadows.


Message History

Ijyb barely misses you.
Your chain mail prevents you from hitting Ijyb.
Ijyb is lightly wounded.
* * * LOW HITPOINT WARNING * * *
You feel very sick. Ijyb misses you.
You hit Ijyb but do no damage.
Ijyb is lightly wounded.
* * * LOW HITPOINT WARNING * * *
You feel very sick. Ijyb barely misses you.
You closely miss Ijyb.
Ijyb is lightly wounded.
* * * LOW HITPOINT WARNING * * *
You feel very sick. Ijyb barely misses you. Ijyb hits you but does no damage.
You are more poisoned.
You closely miss Ijyb.
Ijyb is lightly wounded.
You die...

# #
#.#####.#
#..<....#
####.####
#@# #g#
#.# #.#
#.# #.#
#.#


You could see Ijyb.

Vanquished Creatures
  Crazy Yiuf (D:2)
  3 adders (D:2)
  An ooze (D:2)
  2 worms (D:2)
  6 dart slugs
  5 bats
  2 giant cockroaches
  6 goblins (D:2)
  10 hobgoblins
  3 kobolds
  A quokka (D:2)
  4 frilled lizards
  8 rats
52 creatures vanquished.

Notes
Turn   | Place    | Note
-------+----------+-------------------------------------------
     0 | Abyss:1  | Gargoyl the Demonspawn Abyssal Knight began the quest for the Orb.
     0 | Abyss:1  | Reached XP level 1. HP: 18/18 MP: 2/2
    44 | Abyss:2  | Noticed a large abomination
    47 | Abyss:2  | Noticed a wretched star
    47 | D:1      | Escaped the Abyss
   124 | D:1      | Reached * piety under Lugonu
   132 | D:1      | Gained mutation: You are slightly more attuned to the shadows. [demonic ancestry]
   132 | D:1      | Reached XP level 2. HP: 21/24 MP: 4/4
   724 | D:1      | Reached XP level 3. HP: 27/29 MP: 5/5
   908 | D:2      | Reached skill level 1 in Dodging
  1151 | D:2      | Reached XP level 4. HP: 35/37 MP: 6/6
  1896 | D:2      | Found a runed door.
  1900 | D:2      | Noticed Crazy Yiuf
  1915 | D:2      | HP: 2/55 [Crazy Yiuf/quarterstaff of chaos (2)]
  1916 | D:2      | Killed Crazy Yiuf
  2255 | D:3      | Noticed Ijyb
  2276 | D:3      | HP: 1/37 [poisoned by Ijyb]
  2277 | D:3      | Succumbed to Ijyb's poison

Skill      XL: |  1  2  3  4 |
---------------+-------------+-----
Armour         | 2 |  2.8
Axes           | 2 |  2.9
Dodging        | 1 |  1.2
Invocations    | 3 |  3.2
Fighting       | |  3.8

Action                   |  1- 3 |  4- 6 || total
-------------------------+-------+-------++-------
Melee: Hand axe          |   102 |   105 ||   207
Invok: Depart the Abyss  |     1 |       ||     1
  Use: Potion            |       |     3 ||     3
 Stab: Sleeping          |     2 |       ||     2
       Distracted        |     1 |       ||     1
  Eat: Chunk             |     1 |     3 ||     4
Armor: Leather armour    |    18 |       ||    18
       Chain mail        |    35 |    64 ||    99
Dodge: Dodged            |    43 |    34 ||    77
